 Dungeon Crawl Stone Soup version 0.28.0-45-g0d030f2227 (webtiles) character file.

Game seed: 4996529952595856145

53 101zpm the Magician (level 4, -4/31 HPs)
             Began as a Djinni Ice Elementalist on Apr 11, 2022.
             Slain by a gnoll
             ... wielding a +0 halberd
              (16 damage)
             ... on level 3 of the Dungeon.
             The game lasted 00:05:54 (1783 turns).

101zpm the Magician (Djinni Ice Elementalist)       Turns: 1783, Time: 00:05:55

Health: -4/31      AC:  2    Str:  7    XL:     4   Next: 11%
Gold:   88         EV: 12    Int: 18    God:
                   SH:  0    Dex: 14

rFire   + + .      SeeInvis .   e - staff of cold
rCold   . . .      Faith    .   (no shield)
rNeg    . . .      Spirit   .   a - +0 robe
rPois   ∞          Reflect  .   (no helmet)
rElec   .          Harm     .   (no cloak)
rCorr   .          Rampage  .   (no gloves)
Will    .....                   (boots unavailable)
Stlth   ++........              (no amulet)
HPRegen 0.10/turn               (no ring)
MPRegen 0.00/turn               (no ring)

@: freezing walls, flying, very slightly contaminated
A: sickness immunity, fire resistance 2, cold vulnerability 1, float, innate
caster, HP casting, extra vitality 1
a: no special abilities


You were on level 3 of the Dungeon.
You visited 1 branch of the dungeon, and saw 3 of its levels.

You collected 88 gold pieces.

Inventory:

Armour
 a - a +0 robe (worn)
Magical Staves
 e - a staff of cold (weapon)
Jewellery
 g - a ring of positive energy
Scrolls
 d - a scroll of teleportation {unknown}
 h - a scroll of fog {unknown}
Potions
 b - a potion of degeneration {unknown}
 c - a potion of heal wounds {unknown}
 f - 2 potions of lignification {unknown}
 i - a potion of curing {unknown}


   Skills:
 + Level 2.6 Dodging
 + Level 1.6 Stealth
 + Level 4.1 Spellcasting


You couldn't memorise any spells.
You knew the following spells:

 Your Spells              Type           Power      Damage    Failure   Level
a - Freeze                Ice            100%       1d11      2%          1
b - Frozen Ramparts       Ice            56%        1d7       8%          3
c - Ozocubu's Armour      Ice            28%        N/A       8%          3
d - Hailstorm             Conj/Ice       28%        3d8       26%         4
e - Shock                 Conj/Air       72%        1d7       2%          1
Your spell library was empty.

Dungeon Overview and Level Annotations

Branches:
Dungeon (3/15)

Altars:
Elyvilon


Innate Abilities, Weirdness & Mutations

You are immune to sickness and miasma.
You are immune to poison.
Your flesh is very heat resistant. (rF++)
You are vulnerable to cold. (rC-)
You float through the air rather than walking.
You learn spells naturally, not from books.
Your magical power is your life essence.
You have superior vitality. (+4 MHP)


Message History

Confirm with . or Enter, or press ? or * to list all spells.
The spell is quite dangerous to miscast (9% risk of failure)!
Continue anyway?
Casting: Frozen Ramparts (quite dangerous; 9% risk of failure)
Press: ? - help, Dir - look around, f - activate A stone staircase leading up.
You feel a surge of power!
You miscast Frozen Ramparts.
You are very lightly contaminated with residual magic.
Nothing appears to happen.
The gnoll closely misses you. The gnoll barely misses you.
Casting: Frozen Ramparts (quite dangerous; 9% risk of failure)
Confirm with . or Enter, or press ? or * to list all spells.
The spell is quite dangerous to miscast (9% risk of failure)!
Continue anyway?
Casting: Frozen Ramparts (quite dangerous; 9% risk of failure)
Press: ? - help, Dir - look around, f - activate A stone staircase leading up.
You feel a surge of power!
The walls around you are covered in ice.
The gnoll hits you from afar with a +0 spear.
The wall freezes the gnoll.
The gnoll barely misses you.
Aiming: Freeze (safe; 2% risk of failure)
Press: ? - help, Q - select action, (/) - cycle Shift-Dir - straight line, f - gnoll
Aim: a gnoll, wielding a +0 flail You feel a surge of power!
You freeze the gnoll!
The gnoll is severely wounded.
The wall freezes the gnoll.
You kill the gnoll!
The wall freezes the gnoll.
The gnoll misses you.
The gnoll hits you from afar with a +0 spear.
You have reached level 4!
You feel agile.
Aiming: Freeze (safe; 2% risk of failure)
Press: ? - help, Q - select action, (/) - cycle Shift-Dir - straight line, f - gnoll
Aim: a gnoll, wielding a +0 club You feel a surge of power!
You freeze the gnoll.
The gnoll is lightly wounded.
The wall freezes the gnoll.
The gnoll closely misses you. The gnoll barely misses you.
The wall freezes the gnoll.
The gnoll hits you from afar with a +0 halberd!
Ouch! That really hurt!
You die...

### ..#
#.# #.#
########@#
.......g##
......gg.#
##########


You could see 3 gnolls.

Vanquished Creatures
  A gnoll (D:3)
  A dart slug (D:1)
  3 bats (D:1)
  An endoplasm (D:2)
  A giant cockroach (D:1)
  2 goblins
  4 hobgoblins
  5 jackals (D:1)
  4 kobolds
  3 quokkas
  8 ball pythons
  2 frilled lizards
  3 rats
38 creatures vanquished.

Notes
Turn   | Place    | Note
-------+----------+-------------------------------------------
     0 | D:1      | 101zpm the Djinni Ice Elementalist began the quest for the
                  | Orb.
     0 | D:1      | Reached XP level 1. HP: 15/15 MP: 0/0
    36 | D:1      | Reached XP level 2. HP: 9/21 MP: 0/0
   489 | D:1      | Reached XP level 3. HP: 19/25 MP: 0/0
   489 | D:1      | Learned a level 1 spell: Shock
   986 | D:1      | Found a faded altar of an unknown god.
  1156 | D:2      | Found a white marble altar of Elyvilon.
  1170 | D:2      | Reached skill level 4 in Spellcasting
  1783 | D:3      | Reached XP level 4. HP: 13/31 MP: 0/0
  1783 | D:3      | Slain by a gnoll

Illustrated notes

Levels and vault maps discovered:
D:1:      minmay_arrival_glassed_features, layout_basic,
          hellmonk_ecumenical_altar_heavens_door, dk_noncrumbling_4
D:2:      layout_rooms, basic_altar, serial_corexii_hall,
          chequers_hall_statues_y, corexii_hall_statues_l,
          minmay_misc_feat_more_columns, roderic_serpentine_path
D:3:      layout_basic, serial_shops, shop, kennysheep_generic_room_9

Skill      XL: |  1  2  3 |
---------------+----------+-----
Spellcasting   | 4 |  4.1
Dodging        | |  2.6
Stealth        | |  1.6

Action                   |  1- 3 |  4- 6 || total
-------------------------+-------+-------++-------
Melee: Unarmed           |     3 |       ||     3
 Cast: Freeze            |    51 |     1 ||    52
       Frozen Ramparts   |     1 |       ||     1
Armor: Robe              |     8 |       ||     8
Dodge: Dodged            |    41 |     2 ||    43
